AoeStats
← Kaka

Oasis

509838933Analyzed
3v3 RM · 3d ago on Sep 28, 2026· 71m 40s· 6 players
Game mode
Random Map
Map size
Normal (6 player)
Population
200
Speed
Normal
Resources
Standard
Victory
Conquest
Starting age
Dark Age
Ending age
Imperial Age
RankedLock teamsTeams togetherTeam positionsShared explorationLock speedFull tech treeHidden civsTurbo modeCheats
Victory
Defeat
🇩🇪 Vietnamese · Germany
1355
+14
🇻🇳 Chinese · Vietnam
1273
+17
🇻🇳 Poles · Vietnam
1219
+20
🇦🇺 Varangians · Australia
1516
-25
🇦🇺 Saxons · Australia
1201
-13
🇦🇺 Italians · Australia
1200
-13
LavishlyMoist
4:27 Loom
10:03 Feudal Age
10:36 Double-Bit Axe
11:58 Horse Collar
18:06 Castle Age
17:38 Wheelbarrow
17:11 Fletching
20:56 Forging
22:11 Bow Saw
22:03 Heavy Plow
22:29 Gold Mining
24:35 Crossbowman
26:29 Bodkin Arrow
26:37 Padded Archer Armor
32:24 Ballistics
37:40 Imperial Age
36:15 Hand Cart
35:47 Town Watch
36:14 Thumb Ring
36:39 Leather Archer Armor
36:03 Pikeman
38:00 Arbalester
40:55 Chemistry
41:42 Two-Man Saw
41:15 Crop Rotation
41:07 Bracer
41:11 Scale Mail Armor
41:41 Ring Archer Armor
44:16 Elite Skirmisher
46:13 Conscription
52:34 Silk Road
55:26 Squires
57:26 Arson
SkibidiBanditSlayer
6:42 Loom
9:15 Feudal Age
10:20 Double-Bit Axe
14:36 Town Watch
16:57 Wheelbarrow
20:50 Castle Age
19:01 Horse Collar
19:14 Gold Mining
22:15 Bow Saw
26:31 Pikeman
27:49 Scale Mail Armor
28:07 Fletching
28:28 Forging
29:11 Chain Mail Armor
29:24 Squires
30:28 Hand Cart
31:34 Forging
31:17 Fletching
32:20 Heavy Plow
35:42 Imperial Age
34:10 Elite Skirmisher
35:16 Thumb Ring
35:55 Halberdier
36:16 Elite Skirmisher
38:20 Illumination
38:16 Block Printing
38:39 Thumb Ring
38:52 Padded Archer Armor
38:48 Bodkin Arrow
42:35 Leather Archer Armor
58:44 Plate Mail Armor
69:18 Ring Archer Armor
70:27 Bracer
Kwisatz Haderach
6:26 Loom
9:36 Feudal Age
10:29 Double-Bit Axe
12:25 Bloodlines
18:55 Horse Collar
23:18 Castle Age
22:36 Scale Barding Armor
24:01 Forging
23:28 Light Cavalry
25:20 Scale Mail Armor
26:06 Chain Barding Armor
27:24 Chain Mail Armor
33:54 Bow Saw
33:48 Gambesons
39:24 Imperial Age
37:32 Heavy Plow
39:17 Iron Casting
39:26 Gothikon
39:39 Elite Varangian Guard
40:26 Squires
41:15 Plate Mail Armor
41:29 Wheelbarrow
43:33 Conscription
50:00 Arson
51:22 Hand Cart
50:53 Town Watch
52:10 Two-Man Saw
51:41 Crop Rotation
51:03 Gold Mining
51:05 Stone Mining
63:12 Blast Furnace
I'm Chịck
6:54 Loom
9:59 Feudal Age
15:15 Scale Barding Armor
17:01 Double-Bit Axe
17:58 Forging
22:09 Castle Age
20:26 Gold Mining
20:19 Horse Collar
22:49 Bloodlines
23:16 Bow Saw
23:30 Husbandry
23:59 Chain Barding Armor
27:06 Wheelbarrow
27:37 Iron Casting
31:20 Hand Cart
32:30 Heavy Plow
36:20 Imperial Age
36:22 Stone Mining
36:54 Szlachta Privileges
36:24 Cavalier
38:06 Conscription
39:09 Light Cavalry
40:50 Winged Hussar
42:40 Lechitic Legacy
44:57 Blast Furnace
51:12 Crop Rotation
51:20 Stone Shaft Mining
Kaka
0:46 Loom
9:38 Feudal Age
10:15 Double-Bit Axe
10:13 Horse Collar
16:03 Forging
20:51 Castle Age
20:47 Bloodlines
21:07 Gold Mining
21:21 Stone Mining
21:57 Bow Saw
22:25 Wheelbarrow
23:53 Hand Cart
24:54 Heavy Plow
31:46 Imperial Age
29:38 Fletching
30:26 Padded Archer Armor
31:20 Town Watch
32:18 Bodkin Arrow
33:28 Chemistry
33:18 Conscription
34:02 Two-Man Saw
33:39 Gold Shaft Mining
35:02 Bracer
35:09 Thumb Ring
35:51 Stone Shaft Mining
35:33 Capped Ram
37:05 Ballistics
37:20 Bombard Tower
36:42 Elite Chu Ko Nu
38:44 Siege Ram
40:39 Rocketry
40:36 Leather Archer Armor
50:21 Murder Holes
53:51 Ring Archer Armor
54:37 Scale Barding Armor
54:53 Light Cavalry
55:54 Chain Barding Armor
56:29 Husbandry
57:06 Iron Casting
63:00 Blast Furnace
62:36 Plate Barding Armor
64:00 Sappers
64:42 Heavy Rocket Cart
N
6:03 Loom
9:08 Feudal Age
9:39 Double-Bit Axe
12:23 Horse Collar
20:35 Castle Age
20:27 Forging
21:52 Bow Saw
21:50 Gold Mining
23:06 Iron Casting
24:20 Squires
24:59 Scale Mail Armor
27:54 Heavy Plow
28:54 Chain Mail Armor
30:06 Stone Mining
30:52 Fletching
37:45 Imperial Age
34:58 Crossbowman
36:57 Wheelbarrow
37:10 Bodkin Arrow
37:16 Padded Archer Armor
37:59 Ballistics
37:56 Thumb Ring
38:26 Hand Cart
38:32 Bracer
39:38 Chemistry
39:01 Arbalester
39:59 Leather Archer Armor
46:30 Two-Man Saw
45:56 Paper Money
49:00 Ring Archer Armor
50:50 Plate Mail Armor
51:09 Crop Rotation
53:17 Man-at-Arms
53:43 Arson
53:50 Long Swordsman
55:03 Two-Handed Swordsman
55:41 Champion
Connection lost

Rejoining the realm…

Still unreachable

The connection could not be restored.

Session expired

The server has moved on; the page needs a fresh start.